 Dungeon Crawl Stone Soup version 0.30-a0-578-gdee14c521f (webtiles) character file.

Game seed: 3718007418114046234

54240 jfcaron the Gelid (level 14, -5/135 HPs)
             Began as a Green Draconian Transmuter on Dec 30, 2022.
             Was a High Priest of Sif Muna.
             Killed from afar by Jorgrun (42 damage)
             ... with an iron shot
             ... on level 1 of the Orcish Mines on Dec 31, 2022.
             The game lasted 01:24:04 (20465 turns).

jfcaron the Gelid (Green Draconian Transmuter)     Turns: 20465, Time: 01:24:05

Health: -5/135     AC: 21    Str: 14    XL:     14   Next: 33%
Magic:  8/26       EV: 14    Int: 19    God:    Sif Muna [*****.]
Gold:   1546       SH:  0    Dex: 12    Spells: 3/27 levels left

rFire   + . .      SeeInvis +      - Unarmed
rCold   . . .      Faith    .    (no shield)
rNeg    . . .      Spirit   .    (body armour unavailable)
rPois   +          Reflect  .    (helmet restricted)
rElec   .          Harm     .    g - +1 cloak
rCorr   +          Rampage  .    u - +0 pair of gloves
Will    +....                    (no boots)
Stlth   +                        L - amulet of Qumacabi {RegenMP rCorr Int-4 SInv}
HPRegen 0.42/turn                V - ring of protection from fire
MPRegen 0.60/turn                M - +6 ring of intelligence

@: ice-armoured, wereblooded
A: breathe noxious fumes, AC +8, unfitting armour, stinger 1, poison resistance,
cold-blooded, high MP 1, robust 2, MP-powered wands
a: Breathe Noxious Fumes, Renounce Religion, Channel Magic, Forget Spell, Divine
Exegesis


You were on level 1 of the Orcish Mines.
You worshipped Sif Muna.
Sif Muna was extremely pleased with you.
You visited 3 branches of the dungeon, and saw 17 of its levels.
You also visited: Bailey.

You collected 1546 gold pieces.

Inventory:

Hand Weapons
 e - a +2 short sword of venom
   (You took it off a kobold on level 1 of the Dungeon)
 f - a +2 mace of protection
   (You took it off an orc on level 4 of the Dungeon)
 l - a +1 dagger of electrocution
   (You took it off a goblin on level 2 of the Dungeon)
 B - a -1 demon whip of venom
   (You took it off Amaemon on level 11 of the Dungeon)
 K - the +8 trishula "Condemnation" {holy, anguish, *Noise Fly rN+}
   (You took it off a kobold brigand in a bailey)

   It has been blessed by the Shining One to cause great damage to the undead
   and demons.
   It inflicts anguish, making its victims' attacks reflect back on them.
   rN:        It protects you from negative energy.
   Fly:       It grants you flight.
   *Noise:    It may make noises in combat.
Missiles
 c - 158 stones
 d - a boomerang of dispersal {!f}
 t - 10 atropa-tipped darts {!f}
 v - 23 boomerangs
 C - 33 poisoned darts
 J - 6 curare-tipped darts {!f}
 N - 4 datura-tipped darts {!f}
Armour
 b - a scarf of shadows
   (You found it on level 1 of the Dungeon)
 g - a +1 cloak (worn)
 u - a +0 pair of gloves (worn)
Jewellery
 p - a ring of flight
 E - a ring of protection from fire
   (You found it on level 9 of the Dungeon)
 L - the amulet of Qumacabi (around neck) {RegenMP rCorr Int-4 SInv}
   (You took it off a kobold brigand in a bailey)

   [amulet of magic regeneration]

   It increases your rate of magic regeneration.
   Int:       It affects your intelligence (-4).
   SInv:      It lets you see invisible.
   rCorr:     It protects you from acid and corrosion.
 M - a +6 ring of intelligence (right hand)
   (You took it off an orc warrior in a bailey)
 V - a ring of protection from fire (left hand)
   (You found it on level 3 of the Lair of Beasts)
Wands
 D - a wand of roots (16)
   (You found it on level 8 of the Dungeon)
 H - a wand of flame (36)
   (You took it off an orc wizard on level 8 of the Dungeon)
 Q - a wand of mindburst (5)
 X - a wand of digging (1)
Scrolls
 i - 2 scrolls of vulnerability
 n - 3 scrolls of immolation
 o - 2 scrolls of noise
 w - 5 scrolls of amnesia
 y - 5 scrolls of magic mapping
 A - 3 scrolls of identify
 I - a scroll of torment
 O - 6 scrolls of teleportation
 P - 3 scrolls of enchant armour
 S - a scroll of poison
 U - 2 scrolls of enchant weapon
Potions
 a - 5 potions of lignification
 h - 3 potions of berserk rage
 j - 7 potions of flight
 k - 2 potions of cancellation
 m - 2 potions of mutation
 q - 4 potions of curing
 r - 4 potions of attraction
 x - 3 potions of might
 z - 4 potions of magic
 F - 2 potions of invisibility
 G - a potion of heal wounds
 R - 2 potions of ambrosia
 W - 2 potions of resistance


   Skills:
 - Level 7.0 Fighting
 + Level 6.9 Dodging
 - Level 10.0 Unarmed Combat
 - Level 7.0 Spellcasting
 - Level 5.0 Translocations
 - Level 9.0 Transmutations
 + Level 17.7 Ice Magic


You had 3 spell levels left.
You knew the following spells:

 Your Spells              Type           Power      Damage    Failure   Level
a - Beastly Appendage     Tmut           80%        N/A       1%          1
b - Wereblood             Tmut           40%        N/A       1%          2
c - Ozocubu's Armour      Ice            65%        N/A       1%          3
d - Ice Form              Ice/Tmut       55%        N/A       1%          4
e - Blink                 Tloc           50%        N/A       1%          2
f - Passwall              Tmut/Erth      19%        N/A       2%          2
g - Ozocubu's Refrigerat  Ice            32%        4d14      6%          7
h - Frozen Ramparts       Ice            100%       1d16      1%          3

Your spell library contained the following spells:

 Spells                   Type           Power      Damage    Failure   Level
 Freeze                   Ice            100%       1d10      0%          1
 Apportation              Tloc           50%        N/A       1%          1
 Ensorcelled Hibernation  Hex/Ice        80%        N/A       1%          2
 Hailstorm                Conj/Ice       40%        3d10      1%          3
 Gell's Gravitas          Tloc           25%        N/A       3%          3
 Lesser Beckoning         Tloc           50%        N/A       3%          3
 Teleport Other           Tloc           25%        N/A       3%          3
 Spider Form              Tmut/Pois      23%        N/A       4%          3
 Momentum Strike          Conj/Tloc      32%        3d8       5%          2
 Magic Dart               Conj           24%        1d4       10%         1
 Necrotise                Necr           24%        1d5       10%         1
 Call Imp                 Summ           6%         N/A       16%         2
 Sublimation of Blood     Necr           6%         N/A       16%         2
 Kindle Blastsparks       Fire/Tloc/Air  24%        2d12      16%         3
 Dazzling Flash           Conj/Hex       12%        N/A       30%         3
 Mephitic Cloud           Conj/Pois/Air  6%         N/A       30%         3
 Swiftness                Air            6%         N/A       30%         3
 Vampiric Draining        Necr           6%         2d6       30%         3
 Metabolic Englaciation   Hex/Ice        20%        N/A       8%          5
 Petrify                  Tmut/Erth      23%        N/A       16%         4
 Iskenderun's Mystic Bla  Conj/Tloc      16%        2d5       34%         4
 Simulacrum               Ice/Necr       20%        N/A       38%         6
 Alistair's Intoxication  Tmut/Pois      15%        N/A       41%         5
 Irradiate                Conj/Tmut      11%        3d15      41%         5
 Airstrike                Air            3%         2d(1-17)  69%         4
 Fulminant Prism          Conj/Hex       3%         3d5       69%         4
 Summon Lightning Spire   Summ/Air       6%         N/A       69%         4
 Agony                    Necr           6%         N/A       95%         5
 Lee's Rapid Deconstruct  Erth           3%         3d5*      95%         5
 Lightning Bolt           Conj/Air       3%         1d14      95%         5
 Silence                  Hex/Air        3%         N/A       95%         5


Dungeon Overview and Level Annotations

Branches:
Dungeon (11/15)            Temple (0/1) D:6            Lair (5/5) D:11
 Shoals (0/4) Lair:3        Snake (0/4) Lair:3        Slime (0/5) Lair:5
    Orc (1/2) D:9          Bailey (visited)

Altars:
Ashenzari
Dithmenos
Hepliaklqana
Ru
Sif Muna
Xom
Jiyva

Shops:
D:8 [

Annotations:
Orc:1 Jorgrun


Innate Abilities, Weirdness & Mutations

You can breathe blasts of noxious fumes.
Your lurid green scales are hard. (AC +8)
You cannot fit into any form of body armour.
Your tail ends in a venomous barb.
Your system is resistant to poisons. (rPois)
You are cold-blooded and may be slowed by cold attacks.
You have an increased reservoir of magic. (+10% MP)
You are very robust. (+20% HP)
You expend magic power (3 MP) to strengthen your wands.


Message History

Casting: Ice Form (safe; 1% risk of failure)
Confirm with . or Enter, or press ? or * to list all spells.
The heat is drained from your surroundings.
Jorgrun is heavily wounded.
You kill the orc warrior!
Sif Muna accepts your kill.
Jorgrun points at you and mumbles some strange words.
The iron shot hits you!!
You can't do that in your present form.
Jorgrun is nearby!
Found a stone staircase leading down.
You howl as the wereblood boils in your veins!
Jorgrun casts a spell at you. The iron shot misses you.
An orc knight comes into view. It is wielding a +1 great sword.
Jorgrun points at you and mumbles some strange words.
You shatter!!!
An orc warrior comes into view. It is wielding a +0 long sword.
An orc warrior comes into view.
It is wielding a +0 dire flail of draining.
The orc warrior shouts!
You see here 17 gold pieces.
You warm up again.
Your +1 cloak unmelds from your body.
Your +0 pair of gloves unmelds from your body.
You howl as the wereblood boils in your veins!
Okay, then.
As you read the scroll of summoning, it crumbles to dust.
Wisps of shadow whirl around you... Jorgrun hits you but does no damage.
Jorgrun shatters you!!
* * * LOW HITPOINT WARNING * * *
Casting: Ozocubu's Refrigeration (dangerous; 6% risk of failure)
Confirm with . or Enter, or press ? or * to list all spells.
A film of ice covers your body! Jorgrun hits you with a staff of earth.
* * * LOW HITPOINT WARNING * * *
Your troll bites Jorgrun!
Your troll closely misses Jorgrun. x2
You barely miss Jorgrun.
Your tail-slap misses Jorgrun.
Jorgrun is severely wounded.
Jorgrun gestures at you while chanting. The iron shot hits you!!!
You die...

##.##...............##
#...#..............##
##................#.#
##.#..................#
#....................##
#............._.......
#$...$#....#..........##
#..........TT).)...
##.........@g......
............O..#.>.
.............)^.....
............o.$.....
........>..o.o......
.......#.....>....
........)...)....
................


You could see Jorgrun (ally target), an orc knight, 2 orc warriors, 2 friendly
trolls and a friendly ogre (summoned).

Vanquished Creatures
  The ghost of Ehaohe the Carver, a journeyman DrBe of Trog (Lair:2)
  A fire dragon (Lair:5)
  Erolcha (D:11)
  Erica (D:11)
  3 hydras
  5 two-headed ogres
  A catoblepas (Lair:3)
  2 death yaks (Lair:3)
  Amaemon (D:11)
  A lindwurm (Lair:5)
  Pikel (D:6)
  3 cyclopes
  10 black mambas
  6 elephants
  Joseph (D:7)
  3 molten gargoyles (Lair:5)
  An orange demon (D:11)
  2 gargoyles
  16 cane toads
  An unseen horror (D:11)
  A torpor snail (Lair:3)
  Psyche (D:9)
  3 rime drakes
  12 komodo dragons
  3 trolls
  A polar bear (Lair:2)
  10 blink frogs
  Prince Ribbit (D:7)
  11 dream sheep
  6 slime creatures (D:10)
  Sigmund (D:5)
  2 wraiths
  8 wyverns
  48 yaks
  6 basilisks
  5 steam dragons
  3 wargs (D:9)
  3 acid dragons
  4 nagas (Lair:3)
  18 water moccasins
  4 hell hounds (Lair:5)
  9 orc warriors
  A black bear (D:5)
  An ice beast (D:6)
  5 centaurs
  2 ogres
  11 wolves
  2 phantoms (D:6)
  8 kobold brigands
  15 bullfrogs
  3 necrophages
  A gnoll sergeant (Orc:1)
  A scorpion (D:5)
  5 wights (D:7)
  19 killer bees
  2 electric eels (Lair:3)
  3 howler monkeys (D:8)
  5 lava snakes (Lair:5)
  A jelly (D:4)
  A gnoll bouda (D:7)
  4 hounds
  5 orc priests
  5 hell rats (Lair:2)
  4 iguanas
  11 orc wizards
  6 adders
  8 gnolls
  2 white imps (D:7)
  2 ufetubi
  2 worms
  7 dart slugs
  38 orcs
  6 bats
  8 endoplasms
  4 giant cockroaches
  5 goblins
  4 hobgoblins
  5 quokkas
  5 ball pythons
  2 frilled lizards
  22 kobolds
  3 rats
  31 fungi
  44 plants
540 creatures vanquished.

Notes
Turn   | Place    | Note
-------+----------+-------------------------------------------
     0 | D:1      | jfcaron the Draconian Transmuter began the quest for the
                  | Orb.
     0 | D:1      | Reached XP level 1. HP: 16/16 MP: 3/3
   118 | D:1      | Reached XP level 2. HP: 21/23 MP: 5/5
   132 | D:1      | Learned a level 2 spell: Wereblood
  1060 | D:2      | Reached XP level 3. HP: 29/29 MP: 6/6
  1119 | D:2      | Learned a level 3 spell: Ozocubu's Armour
  1480 | D:2      | Found a shadowy altar of Dithmenos.
  1965 | D:3      | Reached skill level 1 in Ice Magic
  1977 | D:3      | Reached XP level 4. HP: 36/36 MP: 5/7
  2119 | D:3      | Identified the ring of Roezots {Int+4 SInv}
  2521 | D:4      | Found a shimmering altar of Xom.
  2546 | D:4      | Noticed a necrophage
  2559 | D:4      | Killed a necrophage
  2560 | D:4      | Reached skill level 2 in Ice Magic
  2560 | D:4      | Reached XP level 5. HP: 23/41 MP: 1/8
  2789 | D:4      | Gained mutation: You are dopey. (Int -2) [potion of
                  | mutation]
  2789 | D:4      | Gained mutation: Potions are less effective at restoring
                  | your health. [potion of mutation]
  2789 | D:4      | Gained mutation: Your muscles are strong. (Str +4, Int/Dex
                  | -1) [potion of mutation]
  2790 | D:4      | Lost mutation: Your muscles are strong. (Str +4, Int/Dex
                  | -1) [potion of mutation]
  2790 | D:4      | Lost mutation: Potions are less effective at restoring your
                  | health. [potion of mutation]
  2790 | D:4      | Lost mutation: You are dopey. (Int -2) [potion of mutation]
  2790 | D:4      | Gained mutation: You are robust. (+10% HP) [potion of
                  | mutation]
  2790 | D:4      | Gained mutation: You sometimes lose your temper in combat.
                  | [potion of mutation]
  2790 | D:4      | Gained mutation: You are resistant to electric shocks.
                  | (rElec) [potion of mutation]
  2791 | D:4      | Lost mutation: You are resistant to electric shocks.
                  | (rElec) [potion of mutation]
  2791 | D:4      | Lost mutation: You sometimes lose your temper in combat.
                  | [potion of mutation]
  2791 | D:4      | Gained mutation: You expend magic power (3 MP) to
                  | strengthen your wands. [potion of mutation]
  2791 | D:4      | Gained mutation: You have hidden genetic potential. [potion
                  | of mutation]
  2858 | D:4      | Found a shimmering blue altar of Sif Muna.
  2905 | D:4      | Became a worshipper of Sif Muna the Loreminder
  3195 | D:4      | HP: 8/45 [orc priest/divine providence (13)]
  3491 | D:4      | HP: 4/45 [acid (9)]
  3496 | D:4      | Reached XP level 6. HP: 6/52 MP: 9/9
  4028 | D:4      | Reached skill level 3 in Ice Magic
  4046 | D:4      | Gained mutation: You have an increased reservoir of magic.
                  | (+10% MP) [hidden potential]
  4448 | D:5      | Entered Level 5 of the Dungeon
  4511 | D:5      | Reached skill level 5 in Unarmed Combat
  4517 | D:5      | Identified the +0 leather armour of Ecwou {rC- rN++ Str+4}
  4729 | D:5      | HP: 6/52 [orc priest/divine providence (10)]
  4899 | D:4      | Your scales start taking on a lurid green colour.
  4899 | D:4      | Reached XP level 7. HP: 42/60 MP: 4/11
  4899 | D:4      | Gained mutation: Your system is resistant to poisons.
                  | (rPois) [Green Draconian growth]
  4966 | D:4      | Reached skill level 5 in Transmutations
  5009 | D:5      | Reached skill level 4 in Ice Magic
  5030 | D:5      | Gained mutation: You are very robust. (+20% HP) [hidden
                  | potential]
  5030 | D:5      | Lost mutation: You have hidden genetic potential. [hidden
                  | potential expressed]
  5102 | D:5      | Learned a level 4 spell: Ice Form
  5376 | D:5      | Noticed Sigmund
  5393 | D:5      | Killed Sigmund
  5450 | D:6      | Reached skill level 5 in Ice Magic
  5460 | D:6      | Noticed a steam dragon
  5494 | D:5      | Reached XP level 8. HP: 66/73 MP: 9/12
  5673 | D:6      | Reached skill level 6 in Ice Magic
  5742 | D:6      | Found a broken altar of Ashenzari.
  5810 | D:6      | Found a staircase to the Ecumenical Temple.
  6196 | D:6      | Found a sacrificial altar of Ru.
  6206 | D:6      | Reached * piety under Sif Muna
  6242 | D:6      | Reached skill level 7 in Ice Magic
  6330 | D:6      | Found a hazy altar of Hepliaklqana.
  6556 | D:7      | Noticed Prince Ribbit
  6556 | D:7      | Noticed a two-headed ogre
  6616 | D:7      | Noticed Joseph
  6641 | D:7      | Killed Joseph
  6642 | D:7      | Reached skill level 8 in Ice Magic
  6642 | D:7      | Reached XP level 9. HP: 25/80 MP: 3/13
  6842 | D:7      | Noticed Pikel
  6904 | D:6      | Killed Pikel
  6905 | D:6      | Reached skill level 9 in Ice Magic
  7106 | D:7      | Killed a two-headed ogre
  7107 | D:7      | Reached skill level 10 in Ice Magic
  7243 | D:7      | Killed Prince Ribbit
  7244 | D:7      | Reached skill level 11 in Ice Magic
  7408 | D:7      | Monkooky: wereblood, wield elec dagger
  7408 | D:7      | Monkooky: maybe quaff berserk
  7408 | D:7      | jfcaron: Is elec dagger untrained gonna be better than
                  | unarmed?
  7408 | D:7      | Monkooky: yes
  7408 | D:7      | Monkooky: 5 unarmed is quite bad; 8 base dam
  7426 | D:7      | Monkooky: there you go
  7426 | D:7      | jfcaron: ty
  7426 | D:7      | Monkooky: good luck on the run!
  8025 | D:8      | Noticed a two-headed ogre
  8595 | D:8      | Reached XP level 10. HP: 46/87 MP: 5/14
  8830 | D:8      | Reached ** piety under Sif Muna
  8978 | D:8      | Learned a level 2 spell: Blink
  8981 | D:8      | Found Raecw's Armour Shoppe.
  9244 | D:8      | Killed a two-headed ogre
  9245 | D:8      | Reached skill level 1 in Translocations
  9383 | D:9      | Reached skill level 12 in Ice Magic
  9437 | D:9      | Found a flagged portal.
  9477 | D:9      | Noticed Psyche
  9481 | D:9      | Killed Psyche
  9551 | Bailey   | Entered a bailey
  9736 | Bailey   | Identified the amulet of Qumacabi {RegenMP rCorr Int-4
                  | SInv}
  9967 | Bailey   | Found a burning altar of Makhleb.
  9995 | D:9      | Upgraded the game from 0.30-a0-576-g89cddaab80 to
                  | 0.30-a0-578-gdee14c521f
 10372 | D:9      | Found a staircase to the Orcish Mines.
 10547 | D:9      | Reached XP level 11. HP: 84/94 MP: 15/15
 10783 | D:9      | Learned a level 2 spell: Passwall
 10810 | D:10     | Entered Level 10 of the Dungeon
 10829 | D:10     | Reached *** piety under Sif Muna
 10846 | D:10     | Reached skill level 5 in Translocations
 11168 | D:10     | Noticed a two-headed ogre
 11180 | D:10     | Killed a two-headed ogre
 11962 | D:11     | Reached skill level 5 in Spellcasting
 12317 | D:11     | Reached skill level 10 in Unarmed Combat
 12494 | D:11     | Noticed Erica
 12505 | D:11     | Killed Erica
 12595 | D:11     | Found a staircase to the Lair.
 12595 | D:11     | Noticed Amaemon
 12631 | D:11     | Killed Amaemon
 12635 | D:11     | Reached skill level 13 in Ice Magic
 12635 | D:11     | Reached XP level 12. HP: 84/102 MP: 19/21
 12642 | D:11     | Reached **** piety under Sif Muna
 12795 | D:11     | Noticed Erolcha
 12805 | D:11     | Killed Erolcha
 13228 | D:11     | Learned a level 7 spell: Ozocubu's Refrigeration
 13229 | Lair:1   | Entered Level 1 of the Lair of Beasts
 13310 | Lair:1   | Noticed a four-headed hydra
 13310 | Lair:1   | Noticed a five-headed hydra
 13323 | Lair:1   | Killed a five-headed hydra
 13327 | Lair:1   | Killed a four-headed hydra
 13328 | Lair:1   | Reached skill level 14 in Ice Magic
 13508 | Lair:1   | HP: 12/122 [komodo dragon (23)]
 14298 | Lair:1   | Reached skill level 15 in Ice Magic
 14885 | Lair:2   | Reached skill level 16 in Ice Magic
 14988 | Lair:2   | Noticed Ehaohe's ghost (journeyman DrBe)
 14991 | Lair:2   | Found a runed translucent door.
 15084 | Lair:2   | Reached ***** piety under Sif Muna
 15084 | Lair:2   | Received a gift from Sif Muna
 15506 | Lair:2   | Reached XP level 13. HP: 109/109 MP: 16/22
 16107 | Lair:3   | Found a staircase to the Snake Pit.
 17036 | Lair:3   | Found a staircase to the Shoals.
 17584 | Lair:4   | Learned a level 3 spell: Frozen Ramparts
 17769 | Lair:4   | Received a gift from Sif Muna
 18198 | Lair:4   | Reached skill level 5 in Fighting
 18566 | Lair:5   | Entered Level 5 of the Lair of Beasts
 18719 | Lair:5   | Reached skill level 17 in Ice Magic
 18898 | Lair:5   | Reached skill level 5 in Dodging
 19185 | Lair:5   | Gained mutation: Your tail ends in a venomous barb. [Green
                  | Draconian growth]
 19185 | Lair:5   | Reached XP level 14. HP: 130/133 MP: 14/26
 19357 | Lair:5   | Found a large runed translucent door.
 19357 | Lair:5   | Found a large runed translucent door.
 19367 | Lair:5   | Received a gift from Sif Muna
 19776 | Lair:5   | Found a viscous altar of Jiyva.
 19776 | Lair:5   | Found a staircase to the Slime Pits.
 20049 | Lair:2   | Killed Ehaohe's ghost
 20219 | Orc:1    | Entered Level 1 of the Orcish Mines
 20455 | Orc:1    | Noticed Jorgrun
 20465 | Orc:1    | Killed from afar by Jorgrun

Illustrated notes

Levels and vault maps discovered:
D:1:      minmay_arrival_plants_in_alcoves, layout_basic,
          chequers_serial_rivers_small_b, minmay_misc_feat_secret_circle,
          minmay_misc_feat_more_columns, minmay_surrounded
D:2:      layout_basic, basic_altar
D:3:      layout_rooms
D:4:      layout_basic, mainiacjoe_overflow_swirl, roderic_lattice_a
D:5:      layout_loops_ring, uniq_sigmund
D:6:      layout_loops_cross, nicolae_ru_sacrificial_ziggurat,
          ashenzari_conservatory_becter, kennysheep_little_box,
          minmay_temple_entry_overgrown
D:7:      layout_loops_ring, hangedman_decor_growths, uniq_prince_ribbit1,
          uniq_joseph, uniq_pikel
D:8:      layout_loops_ring, serial_shops,
          nicolae_shop_competitors_out_of_business
D:9:      layout_loops_cross, minmay_orc_entry_guard_dogs, enter_bailey_8,
          abandoned_shop, uniq_psyche
D:10:     layout_rooms, minmay_sticks_and_stones
D:11:     layout_roguey, minmay_lair_entry_grove, uniq_erolcha, uniq_erica,
          uniq_amaemon
Lair:1:   layout_big_grid, minmay_shattered_shrine
Lair:2:   layout_long_grid, hellmonk_ghost_happy_afterlife
Lair:3:   layout_gridlike, elwin_shoals_entry_rocks,
          minmay_snake_entry_guardpost_small, grunt_megastairs_3
Lair:4:   layout_hall_layers
Lair:5:   cheibrodos_lair_end_hotspot, layout_regular_city,
          dpeg_slime_entry_enclosed
Orc:1:    layout_caves, basic_altar, uniq_jorgrun

Skill      XL: |  1  2  3  4  5  6  7  8  9 10 11 12 13 14 |
---------------+-------------------------------------------+-----
Dodging        | 2 5 6 |  6.9
Fighting       | 2 6 7 |  7.0
Ice Magic      | 1 2 3 5 8 11 12 13 16 17 | 17.7
Transmutations | 3 4 6 7 8 9 |  9.0
Unarmed Combat | 4 5 7 10 | 10.0
Translocations | 4 5 |  5.0
Spellcasting   | 5 7 |  7.0

Action                   |  1- 3 |  4- 6 |  7- 9 | 10-12 | 13-15 || total
-------------------------+-------+-------+-------+-------+-------++-------
Melee: Unarmed           |   119 |   131 |   285 |   628 |   248 ||  1411
       Headbutt          |    12 |    22 |    48 |    13 |       ||    95
       Kick              |    15 |    41 |    61 |    37 |       ||   154
       Tailslap          |    10 |    18 |    27 |    19 |       ||    74
       Punch             |     2 |     6 |     5 |     4 |       ||    17
Throw: Stone             |       |     2 |       |    11 |       ||    13
       Dart              |       |       |    13 |    23 |       ||    36
       Boomerang         |       |       |     3 |       |       ||     3
 Cast: Beastly Appendage |    19 |    22 |    28 |    12 |       ||    81
       Wereblood         |     2 |     3 |     7 |    16 |     7 ||    35
       Ozocubu's Armour  |       |     5 |    22 |    52 |    41 ||   120
       Ice Form          |       |       |     8 |    33 |    29 ||    70
       Ozocubu's Refrige |       |       |       |       |    47 ||    47
       Frozen Ramparts   |       |       |       |       |    16 ||    16
 Abil: Breathe Noxious F |       |       |     4 |     3 |     1 ||     8
       End Transformatio |       |       |       |     1 |     1 ||     2
Evoke: Wand              |       |       |       |    24 |     5 ||    29
  Use: Scroll            |       |    14 |     6 |    10 |     2 ||    32
       Potion            |       |     6 |     3 |     1 |       ||    10
 Stab: Sleeping          |     1 |     1 |       |     1 |       ||     3
       Confused          |       |       |     2 |     2 |       ||     4
Armor: Skin              |    38 |    48 |   105 |   348 |    91 ||   630
Dodge: Dodged            |    51 |    78 |   168 |   380 |    91 ||   768

Table legend: (Time is in decaauts)
 A = Elapsed time spent in this place.
 B = Non-inter-level travel time spent in this place.
 C = Inter-level travel time spent in this place.
 D = Time resting spent in this place.
 E = Time spent auto-exploring this place.
 F = Levels seen in this place.
 G = Mean time per level.
                   A        B        C        D        E       F      G
               +--------+--------+--------+--------+--------+-----+--------+
         Total |  20330 |  18890 |   1440 |   2614 |  12660 |  18 | 1129.4 |
       Dungeon |  13171 |  12154 |   1017 |   2084 |   7794 |  11 | 1197.4 |
          Lair |   6467 |   6045 |    422 |    427 |   4544 |   5 | 1293.4 |
  Orcish Mines |    244 |    244 |      0 |      0 |    190 |   1 |  244.0 |
        Bailey |    447 |    447 |      0 |    103 |    131 |   1 |  447.0 |
               +--------+--------+--------+--------+--------+-----+--------+

Top non-repeatable levels by time:
     D:4: 2120 daAuts
  Lair:3: 1587 daAuts
    D:11: 1488 daAuts
     D:8: 1380 daAuts
  Lair:5: 1373 daAuts
     D:7: 1363 daAuts
  Lair:1: 1243 daAuts
  Lair:2: 1193 daAuts
    D:10: 1127 daAuts
     D:6: 1126 daAuts
     D:1: 1072 daAuts
  Lair:4: 1070 daAuts
     D:9: 1009 daAuts
     D:2: 920 daAuts
     D:5: 827 daAuts

Table legend:
 A = Kills in this place as a percentage of kills in entire the game.
 B = Kills by you in this place as a percentage of kills by you in the entire game.
 C = Kills by friends in this place as a percentage of kills by friends in the entire game.
 D = Other kills in this place as a percentage of other kills in the entire game.
 E = Experience gained in this place as a percentage of experience gained in the entire game.
 F = Experience gained in this place divided by the number of levels of this place that you have seen.
                   A       B       C       D       E      F
               +-------+-------+-------+-------+-------+----------------------
         Total | 100.0 | 100.0 |   N/A |   N/A | 100.0 | 4304.8
       Dungeon |  50.8 |  50.8 |   N/A |   N/A |  30.0 | 2114.5
          Lair |  40.2 |  40.2 |   N/A |   N/A |  65.1 | 10089.6
  Orcish Mines |   4.5 |   4.5 |   N/A |   N/A |   3.3 | 2544.0
        Bailey |   4.5 |   4.5 |   N/A |   N/A |   1.6 | 1235.0
               +-------+-------+-------+-------+-------+----------------------
